 Dungeon Crawl Stone Soup version 0.19-a0-519-gb6a5606 (webtiles) character file.

184 Kniotic the Insei (level 5, -9/39 HPs)
             Began as a Vampire Monk on June 7, 2016.
             Mangled by jedvagenij's ghost (13 damage)
             ... on level 3 of the Dungeon.
             The game lasted 00:03:44 (2188 turns).

Kniotic the Insei (Vampire Monk)                    Turns: 2188, Time: 00:03:45

Health: -9/39      AC:  2    Str: 10    XL:     5   Next: 36%
Magic:  5/5        EV: 14    Int: 13    God:
Gold:   163        SH:  0    Dex: 17    Spells: 0 memorised, 4 levels left

rFire  . . .     SeeInvis +       - Unarmed
rCold  . . .     Gourm    .     a - +0 robe
rNeg   . . .     Faith    .     (no shield)
rPois  .         Spirit   .     (no helmet)
rElec  .         Dismiss  .     l - -1 cloak (curse)
rCorr  .         Reflect  .     (no gloves)
SustAt .         Harm     .     (no boots)
MR     .....                    (no amulet)
Stlth  +++.......               (no ring)
                                (no ring)

@: regenerating quickly, not resistant to hostile enchantments, fairly stealthy
A: fangs 3, see invisible, unbreathing
a: no special abilities


You were on level 3 of the Dungeon.
You were full.

You visited 1 branch of the dungeon, and saw 3 of its levels.

You collected 163 gold pieces.

Inventory:

Armour
 a - a +0 robe (worn)
 l - a cursed -1 cloak (worn)
Scrolls
 c - a scroll of enchant armour {unknown}
 g - 3 scrolls of identify
 h - a scroll of blinking {unknown}
 i - a scroll of remove curse
 m - 2 scrolls of enchant weapon {unknown}
 n - a scroll of magic mapping {unknown}
Potions
 b - a potion of blood
 d - a potion of resistance {unknown}
 e - 2 potions of brilliance
 f - a potion of degeneration {unknown}
 j - a potion of agility {unknown}
 k - 2 potions of curing {unknown}


   Skills:
 - Level 2.6 Fighting
 - Level 3.2 Dodging
 - Level 3.0 Stealth
 + Level 7.3 Unarmed Combat


You had 4 spell levels left.
You didn't know any spells.

Dungeon Overview and Level Annotations

Branches:
Dungeon (3/15)

Altars:

Annotations:
D:3 jedvagenij's ghost, amateur CeFi


Innate Abilities, Weirdness & Mutations

Your natural rate of healing is unusually fast.
You have razor-sharp teeth.
You have supernaturally acute eyesight. (SInv)
You can survive without breathing.


Message History

The wyvern zombie barely misses you.
You hit jedvagenij's ghost but do no damage.
Jedvagenij's ghost is lightly damaged.
The bat closely misses you. Jedvagenij's ghost hits you!
* * * LOW HITPOINT WARNING * * *
The wyvern zombie closely misses you.
You are too injured to fight recklessly!
You are too injured to fight recklessly!
You are too injured to fight recklessly!
You are too injured to fight recklessly!
You are too injured to fight recklessly!
You are too injured to fight recklessly!
You are too injured to fight recklessly!
You are too injured to fight recklessly!
You are too injured to fight recklessly!
You are too injured to fight recklessly!
You are too injured to fight recklessly!
You are too injured to fight recklessly!
Jedvagenij's ghost hits you!
You die...

####.#
#..........รท. #[#
#.#########..
###.###.#>....###..
#....>..#..[.......
#.#.....).....###.#
#.................(
#....#######.######
##.#.# .. #@#.# #
####W#.# #...Z#..
#.#..b..# #....#..#
+....#.b.. ####.#
..... #.. ....# ###
#...


You could see jedvagenij's ghost, a wyvern zombie and a bat.

Vanquished Creatures
  Terence (D:2)
  An iguana (D:3)
  4 adders
  An ooze (D:1)
  3 worms (D:2)
  4 dart slugs
  3 giant geckos
  3 orcs (D:3)
  5 bats
  3 giant cockroaches
  9 goblins
  5 hobgoblins
  5 jackals (D:2)
  10 kobolds
  2 ball pythons (D:2)
  A giant newt (D:1)
  11 rats
71 creatures vanquished.

Notes
Turn   | Place    | Note
--------------------------------------------------------------
     0 | D:1      | Kniotic the Vampire Monk began the quest for the Orb.
     0 | D:1      | Reached XP level 1. HP: 17/17 MP: 1/1
   250 | D:1      | Reached XP level 2. HP: 23/23 MP: 2/2
   259 | D:1      | Reached skill level 5 in Unarmed Combat
   647 | D:1      | Reached XP level 3. HP: 28/28 MP: 3/3
  1299 | D:2      | Reached skill level 6 in Unarmed Combat
  1304 | D:2      | Reached XP level 4. HP: 24/34 MP: 4/4
  1864 | D:2      | Noticed Terence
  1868 | D:2      | Killed Terence
  1868 | D:2      | Reached XP level 5. HP: 32/39 MP: 5/5
  1977 | D:2      | Reached skill level 7 in Unarmed Combat
  2175 | D:3      | Noticed jedvagenij's ghost (amateur CeFi)
  2188 | D:3      | Mangled by jedvagenij's ghost

Vault maps used:
D:1:      lightli_arrival_boilingwater
D:2:      first_bread, uniq_terence

Skill      XL: |  1  2  3  4  5 |
---------------+----------------+-----
Unarmed Combat | 5 6 7 |  7.3
Fighting       | |  2.6
Dodging        | |  3.2
Stealth        | |  3.0

Action                   |  1- 3 |  4- 6 || total
-------------------------+-------+-------++-------
Melee: Unarmed           |   107 |   116 ||   223
       Bite              |    10 |    10 ||    20
       Punch             |     1 |     5 ||     6
  Use: Potion            |     1 |       ||     1
       Scroll            |       |     2 ||     2
 Stab: Sleeping          |     4 |     9 ||    13
       Distracted        |     1 |     2 ||     3
  Eat: Corpse            |     4 |     4 ||     8
Armor: Robe              |    12 |    15 ||    27
Dodge: Dodged            |    54 |    77 ||   131
